Map: Cañón atribulado

Players

Leev

  • Race: Zerg Zerg
  • League: Diamond
  • Spawn Location: 7:00

david

  • Race: Zerg Zerg
  • Spawn Location: 6:00

REX

  • Race: Protoss Protoss
  • League: Gold
  • Spawn Location: 6:00

MrFercho

  • Race: Terran Terran
  • League: Silver
  • Spawn Location: 12:00

tigro

  • Race: Terran Terran
  • League: Bronze
  • Spawn Location: 3:00

TATORREA

  • Race: Protoss Protoss
  • League: Silver
  • Spawn Location: 12:00

VOD

Have the link to the VOD?

Description

Time

  • Played on: June 2, 2020, 10:38 p.m.
  • Length: 18:55
Show
View Real Time Build Order
Export as new Build Order

Leev Zerg 

Build Orders: Hatch First, Muta Ling Bane, Swarm Host 

Get SALT Encoding   

  12  0:01  Drone  
  14  0:14  Drone  
  14  0:26  Overlord  
  14  0:30  Extractor, Drone  
  14  0:55  Hatchery  
  14  0:56  Drone x2  
  15  1:03  Drone  
  16  1:09  Drone  
  17  1:22  Spawning Pool  
  16  1:26  Drone  
  16  1:30  Drone  
  18  1:40  Drone  
  19  1:54  Overlord  
  19  2:11  Metabolic Boost  
  19  2:14  Zergling x2  
  19  2:15  Zergling x2, Queen  
  23  2:18  Queen  
  25  2:23  Drone  
  25  2:25  Drone  
  27  2:33  Drone  
  28  2:39  Drone  
  28  2:43  Drone x2  
  31  2:46  Overlord  
  31  2:56  Lair  
  31  3:01  Drone  
  32  3:09  Zergling x2  
  32  3:10  Zergling x2  
  34  3:24  Drone x3  
  37  3:29  Drone x4  
  37  3:30  Zergling x2  
  42  3:35  Drone x2  
  44  3:43  Extractor  
  44  3:45  Extractor, Drone  
  44  3:46  Drone  
  44  3:51  Overlord  
  44  3:54  Overlord  
  44  3:59  Spire  
  44  4:00  Drone  
  44  4:09  Overlord  
  44  4:14  Drone x4  
  48  4:24  Drone x2  
  48  4:25  Drone  
  48  4:27  Extractor  
  50  4:47  Zergling x6  
  50  4:48  Zergling x2  
  54  5:04  Drone  
  54  5:05  Drone  
  56  5:09  Drone  
  57  5:20  Baneling Nest, Mutalisk x5  
  66  5:21  Overlord  
  66  5:23  Overlord  
  66  5:24  Drone  
  66  5:27  Overlord x2  
  67  5:36  Drone  
  67  5:40  Drone  
  69  5:43  Zerg Flyer Weapons Level 1  
  69  5:47  Hatchery  
  68  5:56  Infestation Pit  
  67  6:00  Mutalisk  
  69  6:10  Drone  
  70  6:14  Mutalisk  
  70  6:15  Mutalisk  
  70  6:17  Zergling x8  
  78  6:20  Zergling x2  
  78  6:21  Zergling x6  
  82  6:27  Zergling x2  
  82  6:30  Baneling x7  
  82  6:31  Baneling  
  83  6:44  Centrifical Hooks  
  83  6:51  Zergling x2  
  83  6:52  Zergling x4  
  86  6:55  Zergling x6  
  86  6:59  Queen  
  86  7:00  Drone  
  92  7:11  Mutalisk  
  92  7:12  Mutalisk x2  
  92  7:13  Zergling x2  
  92  7:14  Zergling x2  
  100  7:15  Overlord  
  100  7:19  Drone  
  100  7:22  Extractor  
  100  7:23  Drone  
  100  7:25  Overseer  
  100  7:27  Overseer  
  101  7:38  Zerg Flyer Armor Level 1  
  101  7:39  Extractor  
  101  7:41  Drone  
  101  7:47  Drone  
  102  7:55  Mutalisk  
  102  7:56  Mutalisk x3  
  110  7:58  Baneling  
  92  8:55  Nydus Network, Drone  
  92  8:59  Drone x5  
  97  9:08  Hive  
  97  9:10  Swarm Host x4  
  97  9:11  Swarm Host  
  112  9:18  Drone x2  
  114  9:29  Overlord x3  
  114  9:30  Overlord x3  
  114  9:40  Overlord  
  114  9:49  Pneumatized Carapace  
  114  9:52  Drone x4  
  118  9:59  Hatchery  
  117  10:07  Drone  
  118  10:14  Evolution Chamber  
  118  10:16  Evolution Chamber  
  118  10:17  Evolution Chamber  
  115  10:27  Drone  
  115  10:28  Drone x5  
  121  10:30  Hatchery  
  119  10:52  Corruptor x2  
  119  10:54  Corruptor  
  119  10:55  Corruptor x7  
  139  11:01  Ultralisk Cavern  
  139  11:04  Zerg Ground Armor Level 1, Zerg Missile Weapons Level 1  
  138  11:06  Zerg Melee Weapons Level 1  
  138  11:10  Hatchery  
  137  11:11  Greater Spire  
  137  11:30  Drone x2  
  137  11:32  Extractor  
  138  11:33  Queen  
  138  11:37  Extractor  
  139  11:42  Extractor  
  139  11:44  Extractor  
  137  11:59  Anabolic Synthesis  
  137  12:01  Drone  
  137  12:03  Queen  
  137  12:04  Drone x3  
  137  12:08  Drone x3  
  146  12:14  Ultralisk x3  
  146  12:15  Overlord x3  
  164  12:18  Overlord x3  
  164  12:28  Corruptor  
  164  12:29  Corruptor x2  
  170  12:41  Chitinous Plating  
  170  12:56  Drone  
  171  13:12  Ultralisk  
  183  13:13  Ultralisk x3  
  183  13:14  Zergling x4  
  127  14:03  Corruptor  
  127  14:04  Corruptor x5  
  136  14:13  Ultralisk x5  
  136  14:15  Zergling x6  
  169  14:22  Drone  
  169  14:23  Drone x3  
  173  14:28  Drone x2  
  172  14:54  Zergling x6  
  172  14:55  Adrenal Glands  
  172  14:57  Zerg Missile Weapons Level 2, Zerg Melee Weapons Level 2  
  175  15:00  Zerg Ground Armor Level 2  
  163  15:22  Zergling x2  
  163  15:23  Zergling x2  
  136  16:56  Corruptor x3  
  136  16:59  Corruptor x6  
  136  17:00  Corruptor  
  148  17:01  Corruptor  
  148  17:02  Corruptor  
  148  17:05  Zergling x2  
  148  17:06  Zergling x4  
  155  17:09  Zergling x2  
  155  17:15  Corruptor  
  156  17:16  Corruptor x5  
  156  17:20  Queen  
  156  17:21  Drone  
  156  17:22  Drone x2  
  173  17:57  Zergling x2  
  173  17:58  Zergling x8  
  174  18:00  Zergling x2  
  174  18:01  Zergling x8  
  174  18:04  Zergling x2  
  180  18:13  Extractor  
  180  18:14  Extractor  
Show
View Real Time Build Order
Export as new Build Order

david Zerg 

Build Orders: Pool First 

Get SALT Encoding   

  12  0:03  Drone  
  13  0:13  Drone  
  14  0:17  Overlord  
  14  0:39  Spawning Pool  
  13  0:43  Drone  
  13  0:49  Drone x2  
  16  1:17  Drone x2  
  16  1:18  Drone  
  19  1:27  Extractor  
  18  1:35  Zergling x2  
  19  2:14  Zergling x4, Hatchery  
  20  2:25  Zergling x2  
  21  2:32  Zergling x2  
  22  2:42  Extractor  
  21  2:51  Drone  
  22  2:56  Overlord  
  22  3:00  Lair  
  22  3:07  Hatchery  
  21  3:17  Overlord  
  21  3:18  Overlord  
  21  3:28  Drone  
  22  4:01  Drone  
  22  4:02  Drone  
  24  4:04  Drone  
  25  4:13  Hydralisk Den  
  25  4:16  Drone x3  
  27  4:20  Drone  
  28  4:38  Extractor  
  27  5:09  Hydralisk x3  
  33  5:18  Hydralisk  
  33  5:19  Hydralisk  
  37  5:21  Hydralisk  
  39  5:33  Hydralisk  
  41  5:42  Hydralisk  
  43  5:51  Overlord x2  
  43  5:54  Hydralisk  
  45  6:01  Hydralisk  
  47  6:04  Drone  
  47  6:05  Drone  
  49  6:11  Hydralisk x2  
  53  6:22  Grooved Spines  
  53  6:39  Drone x2  
  55  6:53  Hydralisk  
  55  6:54  Hydralisk  
  55  6:55  Hydralisk x2  
  63  7:02  Evolution Chamber  
  62  7:12  Drone x3  
  62  7:15  Hydralisk x2  
  65  7:16  Hydralisk  
  71  7:24  Hydralisk  
  73  7:35  Drone  
  74  7:56  Extractor  
  73  8:04  Overlord x2  
  73  8:15  Zerg Missile Weapons Level 1  
  73  8:18  Muscular Augments  
  73  8:54  Hydralisk x3  
  79  9:00  Metabolic Boost  
  79  9:05  Hydralisk  
  79  9:06  Hydralisk  
  79  9:08  Drone x3  
  86  9:25  Hydralisk x2  
  90  9:42  Overlord x2  
  90  9:52  Overlord x2  
  90  10:06  Infestation Pit  
  89  10:09  Zerg Ground Armor Level 1  
  89  10:14  Infestation Pit  
  89  10:20  Spire  
  87  10:22  Hydralisk  
  88  11:19  Hydralisk x3  
  88  11:22  Hydralisk x2  
  88  11:23  Hydralisk  
  83  11:54  Hydralisk  
  83  12:00  Hydralisk x2  
  89  12:02  Hydralisk  
  89  12:03  Zerg Melee Weapons Level 1  
  91  12:49  Hydralisk  
  91  12:50  Hydralisk  
  91  12:51  Hydralisk x2  
  99  13:12  Hydralisk  
  99  13:13  Hydralisk x2  
  99  13:15  Hydralisk  
  99  13:16  Hydralisk  
  42  13:47  Hydralisk x2  
  42  13:48  Hydralisk  
  42  13:52  Hydralisk  
  40  14:06  Hydralisk  
  42  14:30  Hydralisk x2  
  46  14:54  Hydralisk x3  
  52  15:01  Hydralisk  
  54  15:26  Hydralisk x2  
  46  15:55  Hatchery  
  45  16:11  Hydralisk x2  
  47  16:20  Hydralisk  
  49  16:32  Hydralisk  
  49  16:39  Hydralisk  
  53  16:49  Drone  
  54  17:20  Hydralisk x3  
  60  17:26  Hydralisk  
  62  17:33  Drone  
  59  17:39  Drone  
  59  17:40  Drone  
  60  17:59  Hydralisk x2  
Show
View Real Time Build Order
Export as new Build Order

REX Protoss 

Build Orders: Carriers 

Get SALT Encoding   

  12  0:19  Pylon  
  12  0:22  Probe (Chrono Boost)  
  13  0:32  Probe (Chrono Boost)  
  14  0:41  Forge  
  14  0:45  Gateway  
  14  0:51  Probe  
  15  1:03  Assimilator  
  15  1:19  Photon Cannon  
  15  1:26  Photon Cannon  
  15  1:44  Pylon  
  15  1:55  Probe  
  16  2:01  Assimilator  
  16  2:07  Probe (Chrono Boost)  
  17  2:12  Cybernetics Core  
  17  2:19  Probe (Chrono Boost)  
  18  2:25  Probe (Chrono Boost)  
  19  2:42  Gateway  
  19  2:55  Probe  
  19  2:57  Nexus  
  20  3:02  Warp Gate  
  20  3:07  Probe (Chrono Boost)  
  21  3:17  Twilight Council  
  21  3:19  Probe (Chrono Boost)  
  22  3:37  Pylon  
  22  3:40  Probe  
  23  3:53  Charge  
  23  3:54  Robotics Facility  
  23  4:03  Assimilator  
  23  4:06  Probe  
  23  4:07  Assimilator  
  24  4:18  Probe  
  24  4:20  Probe  
  24  4:21  Gateway  
  26  4:32  Probe  
  26  4:37  Dark Shrine  
  28  4:45  Probe  
  28  4:48  Immortal (Chrono Boost)  
  32  4:59  Probe (Chrono Boost)  
  33  5:03  Probe (Chrono Boost)  
  36  5:14  Probe (Chrono Boost)  
  36  5:15  Probe (Chrono Boost)  
  36  5:19  Probe (Chrono Boost)  
  36  5:20  Observer  
  37  5:22  Probe  
  37  5:25  Zealot x2  
  37  5:26  Zealot  
  45  5:31  Probe  
  45  5:34  Probe  
  47  5:38  Stargate  
  47  5:43  Probe  
  47  5:46  Probe  
  49  5:50  Dark Templar x2  
  49  5:55  Probe  
  54  6:08  Nexus  
  54  6:11  Pylon  
  54  6:21  Pylon  
  54  6:29  Probe  
  54  6:31  Fleet Beacon, Probe  
  56  6:41  Probe  
  56  6:43  Probe  
  56  6:46  Zealot x3  
  64  6:53  Probe (Chrono Boost)  
  65  6:57  Stargate  
  65  7:08  Probe (Chrono Boost)  
  67  7:16  Probe (Chrono Boost)  
  67  7:19  Carrier (Chrono Boost)  
  67  7:20  Probe (Chrono Boost)  
  74  7:25  Pylon  
  74  7:27  Probe  
  74  7:29  Pylon  
  75  7:30  Probe  
  75  7:36  Pylon  
  76  7:37  Pylon  
  76  7:40  Pylon, Probe  
  76  7:42  Probe  
  78  7:45  Stargate  
  78  7:46  Carrier (Chrono Boost)  
  84  8:00  Assimilator  
  84  8:01  Probe  
  84  8:04  Assimilator, Probe  
  84  8:05  Probe  
  87  8:13  Probe  
  87  8:16  Probe  
  87  8:17  Sentry x3, Probe  
  96  8:40  Probe  
  97  8:45  Carrier (Chrono Boost)  
  109  9:02  Carrier (Chrono Boost)  
  109  9:07  Carrier (Chrono Boost)  
  115  9:21  Dark Templar  
  118  9:24  Observer  
  118  9:35  Robotics Bay  
  118  9:49  Pylon  
  118  9:50  Pylon  
  118  9:52  Pylon, Carrier  
  124  9:54  Pylon  
  124  10:00  Pylon, Stargate  
  124  10:13  Carrier  
  118  10:22  Cybernetics Core  
  109  10:43  Probe  
  109  10:47  Probe  
  111  10:52  Carrier x2  
  111  10:55  Probe  
  124  10:59  Probe  
  125  11:04  Gravitic Boosters  
  125  11:07  Probe  
  125  11:11  Probe  
  127  11:14  Observer  
  128  11:20  Probe  
  128  11:22  Robotics Facility  
  128  11:23  Robotics Facility, Probe  
  130  11:27  Probe  
  130  11:32  Probe  
  132  11:35  Probe  
  132  11:39  Probe  
  134  11:43  Carrier  
  140  11:47  Probe  
  141  11:55  Probe  
  141  11:59  Probe  
  141  12:00  Protoss Air Weapons Level 1  
  143  12:08  Probe  
  144  12:11  Probe  
  145  12:17  Pylon x2  
  145  12:18  Protoss Air Armor Level 1  
  145  12:19  Pylon  
  145  12:28  Nexus  
  145  12:31  Assimilator  
  145  12:35  Assimilator  
  145  12:40  Pylon  
  145  12:42  Pylon  
  145  12:44  Pylon  
  145  12:50  Colossus x2  
  157  12:52  Colossus  
  163  12:59  Extended Thermal Lance  
  163  13:02  Carrier  
  169  13:19  Probe  
  170  13:31  Probe  
  122  14:22  Colossus x2  
  116  14:26  Carrier x2  
  116  14:27  Carrier  
  128  15:09  Colossus (Chrono Boost)  
  134  15:16  Carrier  
  152  15:23  Colossus x2 (Chrono Boost)  
  152  15:31  Carrier  
  158  15:57  Observer  
  159  16:05  Carrier  
  159  16:06  Carrier  
  159  16:09  Colossus x2  
  183  16:18  Observer  
  184  16:48  Carrier  
  184  16:49  Colossus  
  183  17:36  Carrier x2  
  195  18:12  Dark Templar x2  
Show
View Real Time Build Order
Export as new Build Order

MrFercho Terran 

Build Orders:  

Get SALT Encoding   

  12  0:08  SCV  
  13  0:21  SCV  
  14  0:46  Command Center  
  14  0:54  Supply Depot  
  14  0:56  SCV  
  15  1:30  SCV  
  16  1:39  Barracks  
  16  1:40  Refinery  
  16  1:42  SCV  
  16  1:43  Refinery  
  17  2:01  SCV  
  18  2:30  SCV x2  
  20  2:42  SCV x2  
  22  2:51  Refinery  
  22  2:54  SCV  
  22  2:57  SCV, Refinery  
  24  3:06  SCV  
  24  3:09  SCV  
  24  3:12  Barracks Reactor  
  26  3:13  Factory  
  26  3:17  Engineering Bay  
  26  3:43  Supply Depot  
  26  3:48  Marine x2  
  26  3:53  Terran Infantry Armor Level 1  
  28  3:56  Factory Tech Lab  
  28  4:06  Marine x2  
  28  4:08  Supply Depot  
  28  4:09  Factory, SCV x2  
  32  4:21  Orbital Command, SCV  
  32  4:24  Marine x2  
  33  4:27  Siege Tank  
  38  4:57  Orbital Command  
  38  4:59  Siege Tank  
  41  5:00  Bunker  
  41  5:02  SCV  
  42  5:08  Factory Tech Lab  
  42  5:15  Barracks  
  42  5:21  Engineering Bay  
  42  5:24  SCV x2  
  44  5:31  Missile Turret  
  44  5:36  SCV x2  
  46  5:48  SCV x2  
  48  5:52  Missile Turret  
  48  6:00  SCV x2  
  50  6:15  Command Center  
  50  6:27  Terran Infantry Weapons Level 1  
  50  6:35  Armory  
  50  6:38  Barracks Tech Lab  
  50  6:49  Starport  
  50  6:52  Starport  
  50  6:54  Supply Depot, Starport  
  50  6:55  Supply Depot  
  50  6:58  Supply Depot  
  50  7:00  Supply Depot  
  50  7:03  Supply Depot, SCV x2  
  52  7:10  Combat Shield  
  52  7:15  SCV x2  
  54  7:22  Drilling Claws  
  54  7:26  Widow Mine  
  54  7:27  Widow Mine  
  58  7:30  Refinery  
  58  7:44  Starport Reactor  
  58  7:45  Starport Reactor x2  
  58  7:47  Widow Mine  
  58  7:48  Widow Mine  
  62  7:53  Orbital Command  
  62  7:56  Refinery  
  62  8:00  SCV  
  62  8:01  SCV  
  64  8:12  SCV  
  65  8:13  SCV  
  66  8:24  SCV  
  66  8:25  SCV  
  68  8:36  SCV  
  68  8:37  Hi-Sec Auto Tracking, SCV  
  68  8:39  Neosteel Armor  
  70  8:45  Viking  
  70  8:46  Viking x5  
  82  8:48  SCV  
  82  8:49  SCV  
  84  9:15  Viking  
  84  9:16  Viking x3  
  92  9:37  Missile Turret  
  92  9:38  Missile Turret  
  92  9:41  Missile Turret  
  92  9:43  Missile Turret  
  92  9:45  Missile Turret  
  92  10:00  Missile Turret  
  92  10:01  Missile Turret  
  92  10:03  Missile Turret  
  92  10:08  Missile Turret x2  
  92  10:14  SCV  
  93  10:28  Missile Turret x2  
  93  10:32  Missile Turret  
  93  10:33  Starport  
  93  10:35  Starport  
  93  10:40  Starport  
  93  10:41  Starport  
  93  10:53  Missile Turret  
  93  10:58  Missile Turret  
  93  11:08  Missile Turret  
  93  11:13  Missile Turret  
  93  11:14  Missile Turret  
  93  11:17  Missile Turret  
  93  11:19  Armory, Terran Vehicle And Ship Armor Level 1  
  93  11:24  Starport Reactor x4  
  93  11:27  Viking x6  
  93  11:31  Missile Turret  
  105  11:36  Missile Turret  
  105  11:51  Missile Turret  
  105  11:53  Missile Turret  
  105  11:57  Viking x2  
  109  12:11  Ghost Academy  
  109  12:12  Ghost Academy  
  109  12:13  Ghost Academy  
  109  12:17  Ghost Academy  
  109  12:36  Supply Depot  
  107  12:39  Supply Depot  
  107  12:42  Supply Depot  
  91  12:51  Personal Cloaking  
  91  12:52  Enhanced Shockwaves  
  91  12:53  Nuke  
  91  12:54  Nuke  
  91  13:02  Supply Depot  
  91  13:06  Supply Depot  
  91  13:15  Medivac  
  93  13:21  Ghost  
  95  13:27  Viking  
  95  13:28  Viking x12  
  121  13:38  Terran Ship Weapons Level 1  
  121  13:39  Terran Vehicle And Ship Armor Level 2  
  121  13:45  Viking  
  123  13:49  Ghost  
  125  13:57  Viking  
  107  14:10  Nuke  
  97  14:17  Nuke  
  97  14:18  Ghost  
  65  14:47  Ghost  
  67  15:15  Ghost  
  69  15:38  Nuke x3  
  69  15:39  Nuke  
  69  15:42  Viking  
  71  15:43  Viking x13  
  95  16:12  Viking  
  95  16:13  Viking x2  
  82  17:13  Viking x12  
  82  17:14  Viking x2  
Show
View Real Time Build Order
Export as new Build Order

tigro Terran 

Build Orders:  

Get SALT Encoding   

  12  0:02  SCV  
  13  0:14  SCV  
  14  0:22  Supply Depot  
  14  0:29  SCV  
  15  0:39  Refinery  
  15  0:44  SCV  
  16  0:55  Barracks  
  16  1:01  SCV  
  17  1:11  Refinery  
  17  1:13  SCV  
  18  1:20  Supply Depot  
  18  1:25  SCV  
  19  1:37  SCV  
  20  1:44  Marine  
  21  1:49  SCV  
  22  2:02  Marine  
  22  2:08  SCV  
  24  2:18  Barracks  
  24  2:20  Marine, SCV  
  26  2:29  Engineering Bay  
  26  2:32  SCV  
  27  2:38  Marine  
  28  2:56  Marine  
  28  2:58  Orbital Command  
  29  3:12  Factory  
  29  3:26  Barracks Tech Lab  
  29  3:28  Barracks Tech Lab  
  29  3:46  Terran Infantry Weapons Level 1  
  29  3:48  Command Center  
  29  3:54  Combat Shield  
  29  3:57  Stimpack  
  29  4:01  Factory Tech Lab  
  29  4:22  Marine  
  30  4:27  Marine  
  31  4:40  Marine, Siege Tank  
  31  4:45  Marine  
  36  4:53  Armory  
  36  4:58  Marine  
  37  5:02  Marine  
  38  5:11  Planetary Fortress  
  38  5:12  Concussive Shells  
  38  5:16  Marine  
  38  5:20  Marine  
  40  5:34  Marine  
  41  5:40  Terran Infantry Armor Level 1  
  41  6:06  SCV  
  42  6:12  Refinery  
  42  6:18  SCV  
  43  6:24  Starport  
  43  6:26  Thor  
  43  6:28  Infernal Pre-Igniter  
  43  6:30  SCV  
  50  6:42  SCV  
  51  6:48  Refinery  
  51  6:54  SCV  
  51  6:57  Marine x2  
  54  7:09  Medivac, SCV  
  54  7:15  Marine x2  
  58  7:21  SCV  
  60  7:22  Fusion Core  
  60  7:33  Marine x2  
  60  7:34  Neosteel Armor  
  62  7:47  Supply Depot, Mag-Field Accelerator  
  62  7:50  Starport Tech Lab  
  62  7:55  Terran Vehicle Weapons Level 1  
  62  8:08  Marine x2  
  62  8:09  SCV  
  62  8:10  Supply Depot  
  65  8:16  Weapon Refit  
  65  8:21  SCV  
  65  8:26  Marine x2  
  68  8:33  SCV  
  69  8:45  SCV  
  70  8:50  Missile Turret  
  70  9:04  SCV  
  71  9:10  Missile Turret  
  71  9:14  Hi-Sec Auto Tracking  
  71  9:16  Missile Turret, SCV  
  72  9:28  SCV  
  72  9:29  Missile Turret  
  73  9:39  Battlecruiser, Missile Turret  
  73  9:40  SCV  
  80  9:49  Missile Turret, Terran Vehicle And Ship Armor Level 1  
  80  9:56  Rapid Reignition System  
  80  10:05  Supply Depot, Missile Turret  
  80  10:08  Missile Turret  
  80  10:32  Missile Turret  
  80  10:38  Command Center  
  80  10:43  Battlecruiser  
  86  10:53  Terran Infantry Armor Level 2  
  86  10:59  Cloaking Field  
  72  11:43  Terran Ship Weapons Level 1  
  54  11:48  Battlecruiser  
  54  12:01  Marine  
  54  12:02  Marine  
  56  12:12  Thor  
  62  12:19  Hyperflight Rotors, Marine x2  
  62  12:22  Refinery  
  64  12:37  Marine x2  
  66  12:52  Medivac  
  66  12:54  Missile Turret  
  66  12:55  Thor, Marine x2  
  76  13:01  Refinery  
  76  13:08  Terran Infantry Weapons Level 2  
  76  13:12  Marine  
  76  13:13  Marine  
  78  13:22  Battlecruiser  
  84  13:30  Marine  
  84  13:31  Marine  
  86  13:37  Terran Vehicle Weapons Level 2  
  86  13:48  Marine x2  
  76  14:06  Marine x2  
  51  14:19  Corvid Reactor, Missile Turret  
  51  14:24  Marine x2  
  50  14:26  Battlecruiser  
  54  14:42  Marine x2  
  46  14:57  SCV  
  46  14:59  Marine  
  43  15:00  Marine  
  30  15:09  SCV  
  27  15:17  Marine  
  27  15:18  Marine  
  27  15:21  SCV  
  30  15:30  Battlecruiser  
  30  15:33  SCV  
  30  15:35  Marine x2  
  39  15:45  SCV  
  40  15:50  Thor  
  40  15:53  Marine x2  
  48  16:11  Marine x2  
  23  17:04  Barracks  
  14  17:32  Supply Depot  
  14  17:51  Marine  
  14  17:56  Supply Depot  
  14  17:57  Barracks  
  15  18:09  Marine, SCV  
  17  18:20  Engineering Bay  
  17  18:22  SCV  
  17  18:26  Marine  
  19  18:34  SCV  
  20  18:45  Barracks  
  20  18:48  Barracks Reactor  
Show
View Real Time Build Order
Export as new Build Order

TATORREA Protoss 

Build Orders:  

Get SALT Encoding   

  12  0:02  Probe  
  13  0:35  Pylon  
  13  0:38  Probe  
  14  0:50  Probe  
  15  1:11  Gateway x2  
  15  1:12  Probe  
  15  1:14  Gateway  
  15  1:16  Assimilator  
  16  1:24  Probe  
  17  1:36  Probe  
  18  1:48  Probe  
  18  2:00  Probe  
  19  2:01  Pylon  
  19  2:13  Probe  
  20  2:17  Nexus  
  20  2:25  Probe  
  20  2:28  Zealot  
  23  2:35  Zealot  
  25  2:41  Zealot  
  27  2:49  Assimilator  
  27  2:53  Probe  
  28  3:07  Probe  
  29  3:25  Zealot  
  31  3:29  Zealot x2  
  35  3:53  Cybernetics Core  
  35  3:54  Probe  
  35  3:55  Pylon  
  36  3:57  Pylon  
  36  4:02  Probe  
  37  4:06  Probe  
  38  4:11  Forge  
  38  4:14  Probe  
  39  4:18  Probe  
  40  4:26  Probe  
  40  4:30  Probe  
  40  4:31  Warp Gate  
  42  4:36  Twilight Council  
  42  4:38  Robotics Facility, Probe  
  43  4:45  Zealot x2  
  47  4:49  Zealot  
  49  4:53  Probe  
  49  4:54  Probe  
  49  4:59  Protoss Ground Weapons Level 1 (Chrono Boost)  
  51  5:10  Probe  
  51  5:11  Probe  
  53  5:18  Assimilator  
  53  5:22  Assimilator  
  53  5:23  Pylon  
  53  5:26  Probe x2  
  53  5:27  Pylon  
  55  5:33  Charge  
  55  5:42  Templar Archives, Warp Prism  
  57  5:52  Probe x2  
  59  6:04  Probe x2  
  61  6:16  Probe x2, Psionic Storm  
  63  6:19  Observer  
  63  6:21  Stargate  
  63  6:22  Stargate  
  63  6:24  Stargate  
  64  6:28  Probe x2  
  66  6:35  Stalker x2  
  70  6:41  Probe x2  
  72  6:55  Nexus  
  72  7:07  Probe x2  
  74  7:11  Protoss Ground Weapons Level 2 (Chrono Boost)  
  74  7:19  Probe x2  
  76  7:34  Pylon  
  76  7:37  Pylon  
  76  7:39  Protoss Air Weapons Level 1  
  76  7:40  Pylon  
  76  7:44  Pylon, Probe x2  
  76  7:47  Pylon  
  76  7:50  Assimilator  
  78  7:52  Immortal  
  78  7:54  Assimilator  
  78  7:55  High Templar  
  78  7:56  High Templar  
  78  7:57  High Templar  
  88  8:06  Oracle  
  63  8:41  High Templar  
  63  8:42  High Templar x2  
  69  8:57  Oracle x2  
  69  9:02  Probe x2  
  77  9:03  Probe  
  78  9:14  Probe  
  78  9:15  Gateway, Probe x2  
  81  9:18  Gateway  
  81  9:20  Gateway  
  81  9:23  Gateway  
  81  9:26  Gateway  
  81  9:27  Probe x3  
  81  9:28  Gateway  
  84  9:31  Gateway  
  84  9:33  Gateway  
  84  9:35  Gateway  
  84  9:37  Fleet Beacon  
  84  9:40  Robotics Bay  
  84  9:43  Nexus  
  84  9:48  Assimilator  
  84  9:51  Assimilator  
  75  10:44  High Templar x2  
  75  10:45  High Templar x3  
  75  10:48  Zealot x2  
  75  10:49  Zealot x4  
  97  10:53  Archon  
  97  10:54  Archon x2  
  97  10:58  High Templar  
  99  11:05  Void Ray x3  
  99  11:07  Unknown  
  99  11:09  Extended Thermal Lance  
  111  11:12  Colossus  
  111  11:16  Blink  
  117  11:32  Probe x3  
  120  11:44  Stalker, Probe  
  120  11:45  Stalker  
  120  11:46  Stalker  
  127  11:47  Stalker x2  
  127  11:48  Stalker x4  
  127  11:49  Stalker x2  
  143  11:59  Stalker  
  145  12:08  Pylon  
  145  12:10  Protoss Air Weapons Level 2  
  145  12:11  Pylon  
  145  12:15  Pylon  
  145  12:20  Pylon  
  145  12:25  Colossus  
  145  12:26  Void Ray  
  145  12:29  Void Ray x2, Pylon  
  163  12:32  Protoss Ground Weapons Level 3  
  163  12:33  Pylon  
  163  12:38  Pylon  
  163  12:58  Stalker x3  
  165  12:59  Stalker x4  
  78  14:11  Phoenix  
  76  14:29  Anion Pulse-Crystals  
  76  14:31  High Templar x4  
  70  14:32  High Templar x4  
  70  14:33  High Templar x2  
  70  14:36  Phoenix  
  88  15:01  Phoenix  
  68  15:26  High Templar x2  
  72  15:31  Protoss Ground Armor Level 1  
  72  15:32  Void Ray x3 (Chrono Boost)  
  26  16:54  Nexus  
Tags
 
Add a new tag
Caveats
  • Supply blocks, unpowered buildings, or Contaminate may cause inaccurate times.
  • Supply counts are checked every 10 seconds.